details: '2v2pultayad'

« prev index next »

General information

Mini Map

Players

team 1
HumanIntel.Feared (blue | 140 APM | 2497 actions | 17:46)
Hero icon 4 Archmage
Ability icon 2 Summon Water Elemental
Ability icon 2 Brilliance Aura
Hero icon 2 Pandaren Brewmaster
Ability icon 1 Breath of Fire
Ability icon 1 Drunken Haze

» actions
Assign group hotkey176
Basic commands23
Build / train65
Enter build submenu17
Enter hero's abilities submenu6
Give item / drop item1
Right click999
Select / deselect309
Select group hotkey746
Use ability155
2497 total
» units
Peasant13
Footman13
Priest3
Sorceress1
Spell Breaker5
Mortar Team5
40 total
» upgrades
Lumber Harvesting1
Defend1
Plating1
Masonry1
Swords1
5 total
» buildings
Altar of Kings1
Farm9
Barracks1
Keep2
Lumber Mill1
Blacksmith1
Arcane Sanctum1
Workshop1
Arcane Vault1
18 total
» build order
00:09 Altar of Kings
00:20 Farm
00:21 Barracks
01:06 Farm
01:28 Farm
02:05 Farm
02:24 Farm
03:28 Keep
03:28 Keep
05:34 Lumber Mill
05:36 Blacksmith
07:03 Arcane Sanctum
07:07 Farm
07:29 Workshop
07:43 Farm
08:51 Arcane Vault
12:01 Farm
15:13 Farm
» items
Scroll of Regeneration2
Lesser Clarity Potion4
Scroll of Town Portal1
Potion of Healing1
8 total
NightElfSirasoNi (yellow | 128 APM | 2314 actions | 18:00)
Hero icon 2 Demon Hunter
Ability icon 1 Mana Burn
Ability icon 1 Evasion
Hero icon 2 Beastmaster
Ability icon 1 Summon Quilbeast
Ability icon 1 Summon Hawk

» actions
Assign group hotkey40
Build / train60
Enter build submenu11
Enter hero's abilities submenu4
Give item / drop item1
Right click1327
Select / deselect350
Select group hotkey439
Use ability82
2314 total
» units
Wisp30
Huntress4
Dryad8
42 total
» upgrades
Abolish Magic1
Strength of the Wild1
2 total
» buildings
Altar of Elders1
Moon Well5
Ancient of War1
Hunter's Hall1
Tree of Ages3
Ancient of Lore2
Tree of Eternity1
Ancient of Wonders1
15 total
» build order
00:08 Altar of Elders
00:20 Moon Well
01:43 Ancient of War
01:52 Hunter's Hall
02:07 Moon Well
02:54 Tree of Ages
02:54 Tree of Ages
02:54 Tree of Ages
08:13 Ancient of Lore
08:27 Ancient of Lore
08:54 Moon Well
09:45 Moon Well
11:53 Moon Well
13:26 Tree of Eternity
13:48 Ancient of Wonders
» items
Potion of Healing1
Orb of Venom1
Scroll of Town Portal1
3 total
team 2
Random» Humaniggy_the_fisk (orange | 109 APM | 1961 actions | 18:02)
Hero icon 4 Archmage
Ability icon 2 Summon Water Elemental
Ability icon 2 Brilliance Aura
Hero icon 3 Mountain King
Ability icon 2 Storm Bolt
Ability icon 1 Bash

» actions
Assign group hotkey117
Basic commands50
Build / train63
Enter build submenu23
Enter hero's abilities submenu10
Remove unit from queue3
Right click1000
Select / deselect357
Select group hotkey261
Use ability77
1961 total
» units
Peasant9
Footman6
Sorceress4
Spell Breaker10
Priest3
Mortar Team6
38 total
» upgrades
Sorceress Training1
Magic Sentry0
Control Magic1
Fragmentation Shards1
3 total
» buildings
Altar of Kings1
Barracks1
Farm9
Keep1
Arcane Vault2
Scout Tower1
Arcane Tower1
Arcane Sanctum3
Castle1
Blacksmith1
Workshop1
22 total
» build order
00:05 Altar of Kings
00:19 Barracks
00:31 Farm
01:08 Farm
01:30 Farm
03:12 Keep
03:14 Arcane Vault
03:16 Scout Tower
04:05 Arcane Tower
04:07 Farm
04:54 Farm
05:34 Arcane Sanctum
05:36 Arcane Sanctum
05:49 Farm
06:36 Arcane Sanctum
07:20 Arcane Vault
10:42 Farm
11:39 Castle
11:42 Blacksmith
13:53 Workshop
14:54 Farm
14:58 Farm
» items
Scroll of Regeneration3
Scroll of Town Portal2
Potion of Healing2
7 total
Random» Orctimg4strok (red | 146 APM | 2631 actions | 18:01)
Hero icon 5 Blademaster
Ability icon 3 Wind Walk
Ability icon 2 Critical Strike
Hero icon 3 Shadow Hunter
Ability icon 1 Hex
Ability icon 2 Healing Wave

» actions
Assign group hotkey28
Basic commands99
Build / train56
ESC pressed1
Enter build submenu13
Enter hero's abilities submenu10
Right click1207
Select / deselect212
Select group hotkey937
Use ability68
2631 total
» units
Peon9
Grunt9
Raider10
Demolisher4
32 total
» upgrades
Berserker Strength1
Ensnare1
Burning Oil1
Armor1
Pillage1
5 total
» buildings
Altar of Storms1
Orc Burrow7
Barracks1
Voodoo Lounge1
Stronghold1
Beastiary1
Fortress1
War Mill1
14 total
» build order
00:07 Altar of Storms
00:13 Orc Burrow
00:28 Barracks
01:28 Orc Burrow
02:06 Voodoo Lounge
03:44 Stronghold
04:22 Orc Burrow
06:02 Orc Burrow
06:22 Beastiary
09:49 Fortress
10:18 War Mill
10:26 Orc Burrow
12:07 Orc Burrow
12:09 Orc Burrow
» items
Healing Salve1
Lesser Clarity Potion1
Orb of Lightning1
Potion of Healing1
Potion of Mana1
Scroll of Town Portal1
6 total